AoeStats
← kennethdenooijer

Arena

510231447Analyzed
1v1 RM · 9h ago on Sep 30, 2026· 18m 41s· 2 players
Game mode
Random Map
Map size
Tiny (2 player)
Population
200
Speed
Normal
Resources
Standard
Victory
Conquest
Starting age
Dark Age
Ending age
Imperial Age
RankedLock teamsTeams togetherTeam positionsShared explorationLock speedFull tech treeHidden civsTurbo modeCheats
Victory
Defeat
🇳🇱 Spanish · Netherlands
957
+17
🇲🇽 Danes · Mexico
986
-17
kennethdenooijer
12:15 Feudal Age
17:02 Castle Age
15:17 Double-Bit Axe
15:33 Horse Collar
Spartak_2406
10:56 Feudal Age
15:44 Castle Age
14:22 Stone Mining
14:39 Double-Bit Axe
15:07 Gold Mining
Connection lost

Rejoining the realm…

Still unreachable

The connection could not be restored.

Session expired

The server has moved on; the page needs a fresh start.